 Dungeon Crawl Stone Soup version 0.21-a0-404-g291f19a (webtiles) character file.

86 kae the Digger (level 4, 0/54 HPs)
             Began as a Gargoyle Earth Elementalist on Oct 27, 2017.
             Was an Initiate of Vehumet.
             Slain by a goblin
             ... wielding a +0 club
             ... led by Robin
              (2 damage)
             ... on level 3 of the Dungeon.
             The game lasted 00:02:19 (1857 turns).

kae the Digger (Gargoyle Earth Elementalist)        Turns: 1857, Time: 00:02:20

Health: 0/54       AC: 22    Str: 17    XL:     4   Next: 49%
Magic:  1/8        EV:  2    Int: 16    God:    Vehumet [......]
Gold:   160        SH:  0    Dex: 10    Spells: 1/9 levels left

rFire    . . .     SeeInvis .   a - +0 dagger
rCold    + . .     Gourm    .   (no shield)
rNeg     + + +     Faith    .   (armour currently unavailable)
rPois    ∞         Spirit   .   (helmet currently unavailable)
rElec    .         Reflect  .   (cloak currently unavailable)
rCorr    .         Harm     .   (gloves currently unavailable)
MR       .....     NoTele   +   (boots currently unavailable)
Stlth    ..........             (no amulet)
HPRegen  0.18/turn              n - ring of protection from cold
MPRegen  0.11/turn              (no ring)

@: berserking, tree-form, very slightly contaminated, invisible, very quick
A: negative energy resistance 1, petrification resistance, rot immunity, AC +3
a: Renounce Religion


You were on level 3 of the Dungeon.
You worshipped Vehumet.
Vehumet was noncommittal.
You were not hungry.
You were a tree.
You visited 1 branch of the dungeon, and saw 3 of its levels.

You collected 160 gold pieces.

Inventory:

Hand Weapons
 a - a +0 dagger (weapon)
Missiles
 b - 96 stones (quivered)
Armour
 c - a +1 robe (melded)
 j - a +0 helmet (melded)
Jewellery
 n - a ring of protection from cold (left branch)
 p - a +2 amulet of reflection {unknown}
Scrolls
 g - a scroll of recharging
 i - 6 scrolls of remove curse
 r - a scroll of identify
Potions
 f - 2 potions of brilliance
 m - 2 potions of curing
Books
 e - a book of Geomancy

   Spells                             Type                      Level
   a - Sandblast                      Earth                        1
   b - Passwall                       Transmutation/Earth          2
   c - Stone Arrow                    Conjuration/Earth            3
   d - Petrify                        Transmutation/Earth          4
   e - Lee's Rapid Deconstruction     Earth                        5
Comestibles
 d - 3 bread rations
 q - a meat ration


   Skills:
 - Level 1.5 Dodging
 - Level 2.1 Stealth
 + Level 3.2 Spellcasting
 + Level 0.8 Conjurations
 - Level 0.7 Transmutations
 + Level 5.0 Earth Magic


You had one spell level left.
You knew the following spells:

 Your Spells              Type           Power        Failure   Level  Hunger
a - Sandblast             Erth           ###...       2%          1    None
b - Stone Arrow           Conj/Erth      ##....       17%         3    ###....
c - Petrify               Tmut/Erth      ##......     50%         4    ####...


Dungeon Overview and Level Annotations

Branches:
Dungeon (3/15)

Altars:
Cheibriados
Qazlal
Uskayaw
Vehumet
Xom


Innate Abilities, Weirdness & Mutations

You are resistant to torment.
((Your stone body is resilient. (AC +3)))
You are immune to poison.
You resist negative energy. (rN+)
((You are resistant to electric shocks. (rElec)))
((You can survive without breathing.))
You are immune to petrification.
You are immune to rotting.


Message History

* * * LOW HITPOINT WARNING * * *
The goblin hits you but does no damage. x3
The hobgoblin hits you but does no damage.
The goblin hits you but does no damage.
It was a potion of berserk rage.
A red film seems to cover your vision as you go berserk!
You feel yourself moving faster!
You feel mighty!
The goblin no longer looks unusually strong.
The goblin hits you.
* * * LOW HITPOINT WARNING * * *
The goblin hits you but does no damage. x3; The goblin shoots a stone.
The stone hits the goblin.
The goblin dies!
The goblin hits you but does no damage.
The hobgoblin hits you but does no damage.
You are too berserk!
You miss the goblin.
The goblin no longer looks unusually strong.
The goblin hits you with a club.
You die...

##+## #.###.##
#...# #.......
#...####.)....#
#.............+
#.............#
#g............#
######
#gg(..........#
.....####.
####♣gg......gg..#
..........
#..ggg.#####.ggg.#
......## #.##g..#
#....g# ......# #
##.## #..g..#
...†..# #.#
####>## ......#
#.# #.# ......#
#.# #.# ......#
..# #.# .....##
###'##


You could see a hobgoblin and 8 goblins.

Vanquished Creatures
  Robin (D:3)
  3 adders
  A dart slug (D:1)
  2 ball pythons
  A giant cockroach (D:1)
  7 goblins
  8 hobgoblins
  8 kobolds
  8 bats
  2 frilled lizards
  5 rats
46 creatures vanquished.

Vanquished Creatures (others)
  A goblin (D:3)
1 creature vanquished.

Grand Total: 47 creatures vanquished

Notes
Turn   | Place    | Note
-------+----------+-------------------------------------------
     0 | D:1      | kae the Gargoyle Earth Elementalist began the quest for the Orb.
     0 | D:1      | Reached XP level 1. HP: 10/10 MP: 3/3
   233 | D:1      | Reached skill level 4 in Earth Magic
   233 | D:1      | Reached XP level 2. HP: 14/15 MP: 5/5
   786 | D:1      | Reached XP level 3. HP: 14/19 MP: 6/6
  1044 | D:1      | Found a snail-covered altar of Cheibriados.
  1200 | D:2      | Found a shimmering altar of Xom.
  1316 | D:2      | Found a radiant altar of Vehumet.
  1349 | D:2      | Became a worshipper of Vehumet
  1377 | D:2      | Found a hide-covered altar of Uskayaw.
  1491 | D:2      | Reached XP level 4. HP: 15/24 MP: 3/8
  1537 | D:2      | Learned a level 3 spell: Stone Arrow
  1542 | D:2      | Learned a level 4 spell: Petrify
  1784 | D:3      | Found a stormy altar of Qazlal.
  1835 | D:3      | Noticed Robin
  1851 | D:3      | Killed Robin
  1851 | D:3      | Reached skill level 5 in Earth Magic
  1856 | D:3      | HP: 2/54 [goblin[Robin] (2)]
  1857 | D:3      | Slain by a goblin

Vault maps used:
D:1:      dpeg_arrival_yet_another_circle, minmay_misc_feat_more_columns,
          cheibriados_altar_1
D:2:      lemuel_crystal_altar, vehumet_crystals, lemuel_doored_altar,
          first_bread, minmay_misc_feat_x
D:3:      grunt_qazlal_clouds, uniq_crazy_yiuf_cottage, uniq_robin

Skill      XL: |  1  2  3  4 |
---------------+-------------+-----
Earth Magic    | 4 5 |  5.0
Spellcasting   | 3 |  3.2
Dodging        | |  1.5
Stealth        | |  2.1
Conjurations   | |  0.8
Transmutations | |  0.7

Action                   |  1- 3 |  4- 6 || total
-------------------------+-------+-------++-------
Melee: Unarmed           |    15 |       ||    15
       Dagger            |   161 |    13 ||   174
 Cast: Sandblast         |     9 |    10 ||    19
  Use: Scroll            |     7 |     1 ||     8
       Potion            |       |     3 ||     3
 Stab: Distracted        |     1 |       ||     1
       Sleeping          |     1 |     2 ||     3
  Eat: Chunk             |     2 |     1 ||     3
Armor: Robe              |    52 |    18 ||    70
       Skin              |       |    10 ||    10
Dodge: Dodged            |   114 |    17 ||   131

Table legend:
 A = Spawn XP
 B = Non-spawn XP
 C = Spawn XP percentage of total XP
 D = Spawn monster count
 E = Non-spawn monster count
 F = Spawn count percentage of total count
 G = Total turns spent on level
                    A         B        C        D         E        F      G
               +---------+---------+-------+---------+---------+-------+---------
         Total |       0 |     123 |   0.0 |       0 |      46 |   0.0 |  1857
               +---------+---------+-------+---------+---------+-------+---------
           D:1 |       0 |      46 |   0.0 |       0 |      27 |   0.0 |  1199
           D:2 |       0 |      42 |   0.0 |       0 |      13 |   0.0 |   536
           D:3 |       0 |      35 |   0.0 |       0 |       6 |   0.0 |   122
               +---------+---------+-------+---------+---------+-------+---------
